 Dungeon Crawl Stone Soup version 0.29-a0-1008-g949cc1d0fb (webtiles) character file.

Game seed: 6470843625773700147

343 vurker the Shooter (level 6, -5/56 HPs)
             Began as a Minotaur Hunter on Aug 7, 2022.
             Slain by Edmund
             ... wielding a +1 flail of holy wrath
              (8 damage)
             ... on level 4 of the Dungeon.
             The game lasted 00:04:16 (4216 turns).

vurker the Shooter (Minotaur Hunter)                Turns: 4216, Time: 00:04:17

Health: -5/56      AC:  5    Str: 24    XL:     6   Next: 31%
Magic:  5/5        EV: 12    Int:  6    God:
Gold:   268        SH:  0    Dex: 13    Spells: 5/5 levels left

rFire   . . .      SeeInvis .   a - +0 shortbow
rCold   . . .      Faith    .   (shield currently unavailable)
rNeg    . . .      Spirit   .   c - +0 leather armour
rPois   .          Reflect  .   q - +2 hat
rElec   .          Harm     .   (no cloak)
rCorr   .          Rampage  .   (no gloves)
Will    .....                   (no boots)
Stlth   +.........              (no amulet)
HPRegen 0.18/turn               g - +6 ring of strength
MPRegen 0.09/turn               (no ring)

@: no status effects
A: horns 2, retaliatory headbutt
a: no special abilities


You were on level 4 of the Dungeon.
You visited 1 branch of the dungeon, and saw 4 of its levels.
You also visited: Sewer.

You collected 268 gold pieces.

Inventory:

Hand Weapons
 a - a +0 shortbow (weapon)
Armour
 c - a +0 leather armour (worn)
 q - a +2 hat (worn)
   (You found it in a sewer)
Jewellery
 g - a +6 ring of strength (left hand)
   (You found it on level 1 of the Dungeon)
Scrolls
 b - 2 scrolls of immolation
 e - 7 scrolls of identify {unknown}
 f - a scroll of poison {unknown}
 h - 4 scrolls of teleportation {unknown}
 l - a scroll of vulnerability {unknown}
 m - a scroll of amnesia {unknown}
 o - 3 scrolls of noise
 p - 4 scrolls of fog {unknown}
 r - a scroll of fear {unknown}
 u - 2 scrolls of enchant armour {unknown}
 v - a scroll of magic mapping {unknown}
Potions
 d - a potion of lignification {unknown}
 i - 2 potions of curing {unknown}
 j - 8 potions of flight
 k - 2 potions of haste {unknown}
 n - 2 potions of might {unknown}
 s - 2 potions of mutation
 t - a potion of brilliance {unknown}
 w - a potion of heal wounds {unknown}
 x - a potion of attraction {unknown}


   Skills:
 + Level 5.0 Fighting
 * Level 7.3 Ranged Weapons
 - Level 2.1 Dodging
 - Level 0.7 Stealth


You had 5 spell levels left.
You didn't know any spells.
Your spell library was empty.

Dungeon Overview and Level Annotations

Branches:
Dungeon (4/15)              Sewer (visited)
 Temple: D:4-7

Altars:
Qazlal

Annotations:
D:4 Edmund


Innate Abilities, Weirdness & Mutations

You have a pair of horns on your head.
You reflexively headbutt those who attack you in melee.


Message History

Edmund shouts!
You aren't carrying any items that you can evoke.
You shoot an arrow. The arrow completely misses Edmund.
You shoot an arrow. The arrow hits Edmund.
You shoot an arrow. The arrow barely misses Edmund.
You shoot an arrow.
The arrow hits Edmund but does no damage.
You shoot an arrow.
The arrow hits Edmund but does no damage.
You shoot an arrow.
The arrow hits Edmund but does no damage.
Edmund hits you with a +1 flail of holy wrath!
You shoot an arrow. The arrow closely misses Edmund.
Edmund hits you with a +1 flail of holy wrath.
Edmund hits you but does no damage.
You shoot an arrow.
The arrow hits Edmund but does no damage.
Edmund hits you with a +1 flail of holy wrath!
You shoot an arrow. The arrow barely misses Edmund.
Edmund hits you with a +1 flail of holy wrath.
You shoot an arrow.
The arrow hits Edmund but does no damage.
Edmund hits you but does no damage.
You shoot an arrow. The arrow hits Edmund!
Edmund says, "I'm quite good with sums, too."
Edmund misses you. You furiously retaliate!
You headbutt Edmund. You shoot an arrow. The arrow closely misses Edmund.
Edmund hits you with a +1 flail of holy wrath!
* * * LOW HITPOINT WARNING * * *
You are too injured to fight recklessly!
You are too injured to fight recklessly!
Fire: a) +0 shortbow
Aim: Edmund, wielding a +1 flail of holy wrath and wearing a +0 scale mail (moderately wounded, 66% to hit)
You shoot an arrow. The arrow barely misses Edmund.
The arrow hits the dart slug!
Edmund hits you with a +1 flail of holy wrath!
* * * LOW HITPOINT WARNING * * *
Fire: a) +0 shortbow
Aim: Edmund, wielding a +1 flail of holy wrath and wearing a +0 scale mail (moderately wounded, 66% to hit)
You shoot an arrow.
The arrow hits Edmund but does no damage.
Edmund hits you with a +1 flail of holy wrath!
* * * LOW HITPOINT WARNING * * *
Edmund closely misses you. You furiously retaliate!
You headbutt Edmund.
Fire: a) +0 shortbow
Aim: Edmund, wielding a +1 flail of holy wrath and wearing a +0 scale mail (moderately wounded, 66% to hit)
You shoot an arrow. The arrow barely misses Edmund.
The arrow hits the dart slug but does no damage.
Edmund hits you with a +1 flail of holy wrath!
You die...

...# ≈~.. ###
≈r≈# ###.# ###
≈≈~. ...# #.#
≈≈≈≈ ..# #.# ≈##≈
. #.# #.# ~~~≈
....###.####.#
≈~~~
.....w@@...>.####
#≈~≈
.....##.###.....#
≈# ...
#.........# ≈≈# .
...#.......## ≈#
#..#.#......# ≈≈~
#..#.#..##..#
w~..
............#
.#.#
#....#####.##
..........#


You could see Edmund and a dart slug.

Vanquished Creatures
  A hound (D:4)
  An orc priest (D:4)
  An orc wizard (D:4)
  3 gnolls (D:3)
  7 adders
  5 river rats (Sewer)
  2 worms
  8 dart slugs
  3 orcs (D:4)
  10 bats
  6 endoplasms
  5 giant cockroaches
  4 goblins
  5 hobgoblins
  4 jackals
  5 quokkas
  12 ball pythons
  6 frilled lizards
  7 kobolds
  7 rats
102 creatures vanquished.

Vanquished Creatures (others)
  3 plants (D:2)
3 creatures vanquished.

Grand Total: 105 creatures vanquished

Notes
Turn   | Place    | Note
-------+----------+-------------------------------------------
     0 | D:1      | vurker the Minotaur Hunter began the quest for the Orb.
     0 | D:1      | Reached XP level 1. HP: 18/18 MP: 0/0
    92 | D:1      | Found a faded altar of an unknown god.
   178 | D:1      | Reached XP level 2. HP: 25/25 MP: 1/1
   562 | D:1      | Reached skill level 5 in Ranged Weapons
   845 | D:2      | Reached XP level 3. HP: 31/31 MP: 2/2
  1407 | D:2      | Reached XP level 4. HP: 11/39 MP: 3/3
  2042 | D:3      | Identified the +0 helmet of Bienn {Rampage Fly rCorr Str-5}
  2204 | D:3      | Found a stormy altar of Qazlal.
  2244 | D:3      | Found a glowing drain.
  2256 | Sewer    | Entered a sewer
  2438 | Sewer    | Reached skill level 6 in Ranged Weapons
  2557 | Sewer    | Reached XP level 5. HP: 14/46 MP: 4/4
  3796 | D:4      | Noticed Edmund
  3954 | D:4      | Reached skill level 7 in Ranged Weapons
  3954 | D:4      | Reached XP level 6. HP: 45/55 MP: 5/5
  4023 | D:4      | Reached skill level 5 in Fighting
  4215 | D:4      | HP: 2/56 [Edmund/+1 flail of holy wrath (8)]
  4216 | D:4      | Slain by Edmund

Illustrated notes

Levels and vault maps discovered:
D:1:      lordsloth_arrival_two_stooges, layout_basic,
          hellmonk_ecumenical_altar_lost_god
D:2:      layout_basic, serial_forest, infiniplex_forest_clump_tiny,
          infiniplex_forest_straight_5, infiniplex_forest_lined_2,
          infiniplex_forest_lined_corner, infiniplex_forest_straight_4,
          infiniplex_forest_lined_3, infiniplex_forest_clump_long,
          infiniplex_forest_lined_2, infiniplex_forest_diagonal
D:3:      layout_basic, grunt_qazlal_clouds, cheibrodos_sewer_entry_drain,
          grunt_decor_arrowhead
D:4:      kennysheep_slugbush, layout_basic, hex_intersection,
          hangedman_decor_clover_reticule, uniq_crazy_yiuf_cottage, uniq_edmund

Skill      XL: |  1  2  3  4  5  6 |
---------------+-------------------+-----
Fighting       | 3 4 5 |  5.0
Ranged Weapons | 5 6 7 |  7.3
Dodging        | |  2.1
Stealth        | |  0.7

Action                   |  1- 3 |  4- 6 || total
-------------------------+-------+-------++-------
 Fire: Shortbow          |    87 |   225 ||   312
Armor: Leather armour    |    11 |    21 ||    32
Dodge: Dodged            |    18 |    59 ||    77

Table legend: (Time is in decaauts)
 A = Elapsed time spent in this place.
 B = Non-inter-level travel time spent in this place.
 C = Inter-level travel time spent in this place.
 D = Time resting spent in this place.
 E = Time spent auto-exploring this place.
 F = Levels seen in this place.
 G = Mean time per level.
                   A        B        C        D        E       F      G
               +--------+--------+--------+--------+--------+-----+--------+
         Total |   4472 |   4274 |    198 |    165 |   3324 |   5 |  894.4 |
       Dungeon |   3289 |   3091 |    198 |    165 |   2435 |   4 |  822.2 |
         Sewer |   1183 |   1183 |      0 |      0 |    889 |   1 | 1183.0 |
               +--------+--------+--------+--------+--------+-----+--------+

Top non-repeatable levels by time:
     D:2: 1248 daAuts
   Sewer: 1183 daAuts
     D:3: 1117 daAuts
     D:1: 815 daAuts
     D:4: 109 daAuts
